AoeStats
← catchchez

Four Lakes

508201206Analyzed
1v1 RM · 12d ago on Sep 21, 2026· 31m 6s· 2 players
Game mode
Random Map
Map size
Tiny (2 player)
Population
200
Speed
Normal
Resources
Standard
Victory
Conquest
Starting age
Dark Age
Ending age
Imperial Age
RankedLock teamsTeams togetherTeam positionsShared explorationLock speedFull tech treeHidden civsTurbo modeCheats
Victory
Defeat
🇦🇷 Huns · Argentina
794
+14
🇮🇳 Persians · India
754
-14
catchchez
2:09 Loom
9:50 Feudal Age
12:30 Double-Bit Axe
19:16 Castle Age
20:50 Fletching
24:04 Bodkin Arrow
DANY LUGA
5:54 Loom
7:01 Loom
10:11 Feudal Age
18:07 Castle Age
16:37 Scale Barding Armor
17:01 Double-Bit Axe
17:18 Horse Collar
17:35 Stone Mining
18:32 Gold Mining
19:52 Bow Saw
19:45 Heavy Plow
25:26 Gold Shaft Mining
29:00 Wheelbarrow
28:11 Town Watch
34:04 Imperial Age
Connection lost

Rejoining the realm…

Still unreachable

The connection could not be restored.

Session expired

The server has moved on; the page needs a fresh start.